 Dungeon Crawl Stone Soup version 0.20-a0-351-gc9b4002 (webtiles) character file.

188444 Leibowitz the Unseen (level 17, -5/137 HPs)
             Began as a Demigod Gladiator on Dec 26, 2016.
             Slain by an emperor scorpion (11 damage)
             ... on level 4 of the Spider Nest.
             The game lasted 02:55:36 (34071 turns).

Leibowitz the Unseen (Demigod Gladiator)           Turns: 34071, Time: 02:55:36

Health: -5/137     AC: 13    Str: 22    XL:     17   Next: 30%
Magic:  25/25      EV: 25    Int: 12    God:
Gold:   1100       SH: 15    Dex: 26    Spells: 17/22 levels left

rFire  x . .     SeeInvis +     a - +3 rapier (flame)
rCold  + . .     Gourm    .     s - +3 leather armour "Ecessame" {rPois MR+}
rNeg   . . .     Faith    .     G - +0 shield {reflect}
rPois  +         Spirit   .     P - +2 helmet {SInv}
rElec  .         Reflect  +     n - +0 cloak {+Inv}
rCorr  .         Harm     .     t - -2 pair of gloves "Efipt" {Str+4 Slay+3}
MR     ++...                    W - +2 pair of boots {Fly}
Stlth  +++++++...               m - amulet of regeneration
                                d - ring of ice
                                y - +4 ring of slaying

@: lethally poisoned (-5 -> -6), flying
A: high mp 1
a: Evoke Invisibility, Stop Flying


You were on level 4 of the Spider Nest.
You were not hungry.

You visited 5 branches of the dungeon, and saw 29 of its levels.
You also visited: Labyrinth, Ossuary and Ice Cave.

You collected 2774 gold pieces.
You spent 1674 gold pieces at shops.

Inventory:

Hand Weapons
 a - a +3 rapier of flaming (weapon)
 b - a +1 scimitar of flaming
Missiles
 w - 4 poisoned javelins (quivered)
Armour
 n - a +0 cloak of invisibility (worn)
 q - a +3 leather armour of positive energy
 s - the +3 leather armour "Ecessame" (worn) {rPois MR+}
   (You bought it in a shop on level 12 of the Dungeon)

   It protects you from poison.
   It affects your resistance to hostile enchantments.
 t - the -2 pair of gloves "Efipt" (worn) {Str+4 Slay+3}
   (You bought it in a shop on level 12 of the Dungeon)

   It affects your strength (+4).
   It affects your accuracy and damage with ranged weapons and melee attacks
   (+3).
 G - a +0 shield of reflection (worn)
 P - a +2 helmet of see invisible (worn)
 W - a +2 pair of boots of flying (worn)
Jewellery
 d - a ring of ice (right hand)
 e - an uncursed amulet of rage
 m - an amulet of regeneration (around neck)
 r - an uncursed ring of protection from cold
 y - a +4 ring of slaying (left hand)
 I - an uncursed ring of fire
Wands
 z - a wand of disintegration (14/24)
 C - a wand of paralysis (18/24)
 K - a wand of acid (6/15)
 Q - a wand of disintegration (13/24)
 U - a wand of iceblast (6/15)
 Z - a wand of disintegration (8/24)
Scrolls
 i - 23 scrolls of identify
 j - 7 scrolls of enchant armour
 u - 7 scrolls of enchant weapon
 B - a scroll of brand weapon
 D - 6 scrolls of teleportation
 F - 8 scrolls of magic mapping
 M - 3 scrolls of silence
 S - 10 scrolls of fog
 X - 2 scrolls of blinking
 Y - 4 scrolls of remove curse
Potions
 g - 3 potions of brilliance
 o - a potion of might
 p - 3 potions of cancellation
 x - a potion of resistance
 A - 9 potions of curing
 E - 2 potions of ambrosia
 H - a potion of invisibility
 J - 5 potions of agility
 L - a potion of haste
 R - 3 potions of lignification
Comestibles
 f - 10 bread rations
 h - 52 fruits
 k - 12 meat rations
 v - 8 royal jellies
 T - 11 beef jerkies


   Skills:
 + Level 9.0 Fighting
 + Level 13.5(13.7) Short Blades
 + Level 3.8(9.7) Long Blades
 + Level 2.1 Throwing
 + Level 4.4 Armour
 * Level 13.1 Dodging
 * Level 15.6 Stealth
 * Level 14.9 Shields
 + Level 1.1 Unarmed Combat
 + Level 3.1 Spellcasting
 + Level 3.1 Hexes
 + Level 1.5 Evocations


You had 17 spell levels left.
You knew the following spells:

 Your Spells              Type           Power        Failure   Level  Hunger
a - Corona                Hex            #......      10%         1    #......
b - Confuse               Hex            #.......     28%         3    ###....
c - Confusing Touch       Hex            #.....       10%         1    #......


Dungeon Overview and Level Annotations

Branches:
Dungeon (13/15)            Temple (0/1) D:5            Lair (6/6) D:10
  Swamp (4/4) Lair:4       Spider (4/4) Lair:4        Slime (0/5) Lair:5
    Orc (2/2) D:12            Elf (0/3) Orc:2
 Vaults: D:13-14

Shops:
D:5 *   D:6 ??[=!   D:7 =   D:12 ([   Orc:1 }   Orc:2 ([*:

Annotations:
Spider:3 exclusion: Roxanne, Roxanne


Innate Abilities, Weirdness & Mutations

You have an increased reservoir of magic. (+10% MP)


Message History

The demonic crawler is almost dead.
You barely miss the demonic crawler.
The demonic crawler is almost dead.
You feel sick.
You block the demonic crawler's attack. x2
The demonic crawler misses you.
The emperor scorpion closely misses you.
You block the emperor scorpion's attack.
The emperor scorpion claws you.
* * * LOW HITPOINT WARNING * * *
You barely miss the demonic crawler.
The demonic crawler is almost dead.
You block the demonic crawler's attack.
The demonic crawler hits you but does no damage.
The demonic crawler completely misses you.
You puncture the demonic crawler!
You kill the demonic crawler!
You feel sick. The emperor scorpion stings you!!
* * * LOW HITPOINT WARNING * * *
The emperor scorpion claws you!
You die...

######## #############
##...#..###...#^...^^.#
#..^......#...........#
^..#..........†...^.#
#...........#.s@...#
##.^ #....#..#^†.|..#
#...##..#..###^##....#
.#....^.†...#### #....#
.......##...# .....#
#.......#.#..# ......
#...^#..###...# .#...
##.....####..... .../.
##.......#......


You could see an emperor scorpion.

Vanquished Creatures
  Nikola (Spider:2)
  Arachne (Spider:4)
  6 thorn hunters
  Kirke (Spider:4)
  Donald (Spider:1)
  An emperor scorpion (Spider:3)
  An orc warlord (Orc:2)
  A ghoul (Swamp:1)
  The ghost of newbie the Executioner, a journeyman MiBe of Trog (Swamp:4)
  Aizul (Swamp:2)
  3 entropy weavers
  A minotaur (Lab)
  Snorg (Lair:4)
  An ettin (D:13)
  The ghost of xomi the Cleaver, a journeyman MiCK of Xom (D:11)
  29 hydras
  Fannar (Lair:1)
  Erolcha (D:9)
  A ghost crab (Swamp:2)
  Erica (D:8)
  A catoblepas (Lair:6)
  A centaur warrior (D:8)
  13 death yaks
  A two-headed ogre (D:11)
  9 alligators
  The ghost of Steforg the Destroyer, a journeyman TeAE of Qazlal (D:11)
  Nergalle (Lair:4)
  4 orc high priests
  6 spriggans
  The ghost of HagarQim the Thaumaturge, a novice DEWz of Sif Muna (D:10)
  2 unseen horrors (Lab)
  5 swamp dragons
  A death drake (shapeshifter) (D:13)
  A necromancer (IceCv)
  Pikel (D:5)
  15 orb spiders
  4 orc knights
  2 shambling mangroves
  A lindwurm (Lair:6)
  2 ugly things
  25 wolf spiders
  13 cyclopes
  6 orc sorcerers
  2 manticores (Lair:6)
  8 elephants
  The ghost of Conn321 the Arsonist, a novice OpFE (D:4)
  Maurice (D:13)
  2 ice statues (IceCv)
  9 black mambas
  2 torpor snails
  2 centaur zombies
  A spiny frog (shapeshifter) (D:13)
  19 spiny frogs
  3 gargoyles
  4 rime drakes
  6 komodo dragons
  9 ice devils (IceCv)
  8 demonic crawlers
  5 polar bears
  A queen bee (Orc:1)
  10 tyrant leeches
  5 trolls
  38 jumping spiders
  17 hornets
  12 bog bodies
  4 slime creatures
  9 blink frogs
  2 minotaur skeletons (Lab)
  11 dream sheep
  7 hippogriffs
  45 redbacks
  2 vampires
  6 shadows
  14 tarantellas
  Sigmund (D:3)
  4 basilisks
  A fire elemental (D:13)
  5 wyverns
  44 yaks
  4 humans (Lair:5)
  4 hogs (Spider:4)
  10 wargs
  Menkaure (D:4)
  21 insubstantial wisps
  8 hungry ghosts
  7 vampire mosquitoes
  A soldier ant (D:13)
  20 swamp worms
  An acid dragon (D:12)
  10 porcupines
  Duvessa (D:5)
  15 water moccasins
  A hell hound (D:10)
  16 swamp drakes
  6 necrophages
  44 orc warriors
  4 ice beasts
  A slave (D:5)
  3 sky beasts
  A black bear (D:10)
  A phantom (D:12)
  8 ogres
  2 eyes of draining (D:12)
  11 centaurs
  14 wolves
  12 crocodiles
  The ghost of Conn321 the Sneak, an amateur OpFE (D:3)
  4 elf zombies (Ossuary)
  5 big kobolds
  2 earth elementals (Lab)
  A gnoll sergeant (D:11)
  12 bullfrogs
  Dowan (D:5)
  2 wyvern skeletons
  3 scorpions
  23 killer bees (Orc:1)
  2 troll skeletons (Lab)
  7 wights (D:12)
  5 howler monkeys
  3 electric eels
  2 vampire bats
  A crimson imp (D:12)
  A quasit (D:8)
  5 lava snakes
  2 bullfrog zombies
  A human zombie (Ossuary)
  2 jellies
  9 hounds
  3 draconian simulacra (IceCv)
  23 orc priests
  4 bullfrog skeletons
  A centaur skeleton (D:8)
  30 orc wizards
  Jessica (D:2)
  4 iguanas
  6 worker ants
  A spriggan simulacrum (IceCv)
  3 troll simulacra (IceCv)
  A big kobold zombie (Ossuary)
  2 killer bee zombies
  A centaur simulacrum (IceCv)
  3 hound zombies
  3 hound skeletons
  4 mummies (Ossuary)
  A howler monkey zombie (D:7)
  Robin (D:2)
  15 gnolls
  8 adders
  A naga simulacrum (IceCv)
  An ogre simulacrum (IceCv)
  3 shadow imps
  2 oozes
  2 adder zombies
  3 adder skeletons
  3 worms
  A dart slug (D:3)
  3 fire bats (D:3)
  3 leopard geckos
  86 orcs
  A spectral bat (D:3)
  3 bat skeletons (D:3)
  A bat zombie (D:3)
  5 giant cockroaches
  31 hobgoblins
  12 jackals
  23 kobolds
  2 quokkas
  A ball python (D:6)
  23 bats
  A bat simulacrum (D:3)
  7 frilled lizards
  A gnoll zombie (Ossuary)
  40 goblins
  A hobgoblin zombie (Ossuary)
  A leopard gecko zombie (D:8)
  An orc zombie (Ossuary)
  4 rats
  A rat zombie (Ossuary)
  A briar patch (Swamp:1)
1195 creatures vanquished.

Vanquished Creatures (others)
  3 humans (Spider:4)
  A swamp worm (Swamp:2)
  A slave (D:5)
  A spectral bat (D:3)
  A quokka (D:4)
  A briar patch (Swamp:4)
  9 fungi
  7 plants
24 creatures vanquished.

Grand Total: 1219 creatures vanquished

Notes
Turn   | Place    | Note
-------+----------+-------------------------------------------
     0 | D:1      | Leibowitz the Demigod Gladiator began the quest for the Orb.
     0 | D:1      | Reached XP level 1. HP: 17/17 MP: 3/3
   132 | D:1      | Reached XP level 2. HP: 5/24 MP: 4/4
   133 | D:1      | HP: 1/24 [kobold (2)]
   911 | D:2      | Noticed Jessica
   922 | D:2      | Killed Jessica
   922 | D:2      | Reached skill level 1 in Stealth
   922 | D:2      | Reached XP level 3. HP: 23/29 MP: 5/5
  1166 | D:2      | Found a shattered altar of Ashenzari.
  1603 | D:2      | Noticed Robin
  1620 | D:2      | Reached skill level 1 in Armour
  1625 | D:2      | Killed Robin
  1625 | D:2      | Reached XP level 4. HP: 30/36 MP: 6/6
  1766 | D:3      | Reached skill level 1 in Shields
  1807 | D:3      | Reached XP level 5. HP: 40/41 MP: 7/7
  1819 | D:3      | Reached skill level 2 in Stealth
  1984 | D:3      | Noticed Sigmund
  2004 | D:3      | Killed Sigmund
  2004 | D:3      | Reached XP level 6. HP: 22/48 MP: 8/8
  2359 | D:3      | Noticed Conn321's ghost (amateur OpFE)
  2369 | D:3      | Killed Conn321's ghost
  3028 | D:4      | Reached skill level 3 in Stealth
  3112 | D:4      | Found an iron altar of Okawaru.
  3127 | D:4      | Found a white marble altar of Elyvilon.
  3148 | D:4      | Noticed Menkaure
  3164 | D:4      | Killed Menkaure
  3164 | D:4      | Reached XP level 7. HP: 18/55 MP: 9/9
  3912 | D:4      | Noticed Conn321's ghost (novice OpFE)
  3936 | D:4      | Killed Conn321's ghost
  3936 | D:4      | Reached skill level 5 in Short Blades
  3936 | D:4      | Reached skill level 5 in Dodging
  4003 | D:5      | Entered Level 5 of the Dungeon
  4012 | D:5      | Reached XP level 8. HP: 62/62 MP: 10/10
  4085 | D:5      | Found Suibrid's Assorted Antiques.
  4095 | D:5      | Bought a wooden ring for 160 gold pieces
  4143 | D:5      | Found a staircase to the Ecumenical Temple.
  4150 | D:5      | Noticed Dowan
  4152 | D:5      | Noticed Duvessa
  4168 | D:5      | Killed Duvessa
  4168 | D:5      | Reached skill level 4 in Stealth
  4186 | D:5      | Killed Dowan
  4292 | D:5      | Learned a level 1 spell: Corona
  4296 | D:5      | Learned a level 3 spell: Confuse
  4322 | D:5      | Noticed Pikel
  4348 | D:5      | Killed Pikel
  4404 | D:5      | Reached skill level 5 in Stealth
  4577 | D:5      | Found a sand-covered staircase.
  4584 | Ossuary  | Entered an ossuary
  4607 | Ossuary  | Reached skill level 5 in Shields
  4607 | Ossuary  | Reached XP level 9. HP: 45/69 MP: 12/12
  5361 | D:6      | Found Guveerec's Jewellery Boutique.
  5560 | D:6      | Found Sedidet's Magic Scroll Emporium.
  5571 | D:6      | Found Jifax's Magic Scroll Shoppe.
  5593 | D:6      | Bought a scroll of teleportation for 39 gold pieces
  5663 | D:6      | Found an ancient bone altar of Kikubaaqudgha.
  5664 | D:6      | Found a basalt altar of Yredelemnul.
  5665 | D:6      | Found a snail-covered altar of Cheibriados.
  5665 | D:6      | Found a radiant altar of Vehumet.
  5672 | D:6      | Found Jelaak's Armour Boutique.
  5682 | D:6      | Bought a +2 helmet of see invisible for 258 gold pieces
  5729 | D:6      | Found Xoqianem's Distillery.
  5736 | D:6      | Bought a potion of degeneration for 11 gold pieces
  5934 | D:7      | Found Bokeliall's Jewellery Emporium.
  5941 | D:7      | Bought a cursed amulet of inaccuracy for 26 gold pieces
  6089 | D:7      | Reached skill level 6 in Stealth
  6409 | D:7      | Found a shimmering altar of Xom.
  6409 | D:7      | Found a hide-covered altar of Uskayaw.
  6456 | D:7      | Learned a level 1 spell: Confusing Touch
  6782 | D:8      | Noticed Erica
  6794 | D:8      | Killed Erica
  7022 | D:8      | Noticed a centaur warrior
  7038 | D:8      | Reached XP level 10. HP: 76/78 MP: 13/13
  7052 | D:8      | Killed a centaur warrior
  7246 | D:8      | Found a hazy altar of Hepliaklqana.
  7273 | D:8      | Found a burning altar of Makhleb.
  7534 | D:9      | Noticed Erolcha
  7547 | D:9      | Killed Erolcha
  7547 | D:9      | Reached skill level 1 in Spellcasting
  7547 | D:9      | Reached skill level 1 in Hexes
  7594 | D:9      | Reached skill level 7 in Stealth
  7818 | D:9      | Got a transparent glass ring
  7820 | D:9      | Identified the cursed ring "Numelut" {MR++ Int-3 Dex-5} (You found it on level 9 of the Dungeon)
  7821 | D:9      | Identified a scroll of acquirement
  8517 | D:10     | Entered Level 10 of the Dungeon
  8722 | D:10     | Found a staircase to the Lair.
  8723 | D:10     | Noticed HagarQim's ghost (novice DEWz)
  8739 | D:10     | Killed HagarQim's ghost
  8841 | D:10     | Reached XP level 11. HP: 83/85 MP: 16/16
  9108 | D:10     | Reached skill level 1 in Unarmed Combat
  9182 | Lair:1   | Entered Level 1 of the Lair of Beasts
  9209 | Lair:1   | Noticed Fannar
  9216 | Lair:1   | Killed Fannar
  9216 | Lair:1   | Reached skill level 8 in Stealth
  9557 | Lair:1   | Noticed a six-headed hydra
  9563 | Lair:1   | Killed a six-headed hydra
  9765 | Lair:1   | Noticed a six-headed hydra
  9780 | Lair:1   | Killed a six-headed hydra
  9780 | Lair:1   | Reached skill level 5 in Fighting
  9780 | Lair:1   | Reached skill level 9 in Stealth
 10738 | Lair:2   | Noticed a four-headed hydra
 10752 | Lair:2   | Killed a one-headed hydra
 11495 | Lair:3   | Noticed a five-headed hydra
 11504 | Lair:3   | Killed a one-headed hydra
 11504 | Lair:3   | Reached skill level 1 in Long Blades
 11504 | Lair:3   | Reached XP level 12. HP: 76/94 MP: 18/18
 11555 | Lair:3   | Noticed a four-headed hydra
 11562 | Lair:3   | Killed a one-headed hydra
 12189 | Lair:4   | Found a staircase to the Swamp.
 12229 | Lair:4   | Found a labyrinth entrance.
 12242 | Lab      | Entered a labyrinth
 12341 | Lab      | Got a jewelled great sword
 12423 | Lab      | Noticed a minotaur
 12435 | Lab      | Noticed a six-headed hydra
 12439 | Lab      | Killed a minotaur
 12918 | Lab      | Got a dazzling ring mail
 13002 | Lab      | Reached skill level 10 in Short Blades
 13143 | Lab      | Reached skill level 10 in Stealth
 13143 | Lab      | Reached skill level 10 in Shields
 13427 | Lab      | Found an exit through the horrors of the Abyss.
 13966 | D:6      | Bought a scroll of remove curse for 39 gold pieces
 13966 | D:6      | Bought a scroll of remove curse for 39 gold pieces
 13971 | D:6      | Identified the +3 great sword "Dragonslayer" {slice, Fragile rPois rC++ SInv} (You found it in a labyrinth)
 13984 | D:6      | Identified the cursed +0 ring mail of the Mutiny {rN+} (You found it in a labyrinth)
 14146 | Lair:4   | Found a hole to the Spider Nest.
 14381 | Lair:4   | Noticed Snorg
 14431 | Lair:4   | Killed Snorg
 14729 | Lair:4   | Noticed Nergalle
 14770 | Lair:4   | Killed Nergalle
 15328 | Lair:5   | Reached XP level 13. HP: 88/102 MP: 17/19
 15421 | Lair:5   | Reached skill level 11 in Stealth
 16666 | Lair:5   | Found a viscous altar of Jiyva.
 16667 | Lair:5   | Found a staircase to the Slime Pits.
 16892 | Lair:6   | Entered Level 6 of the Lair of Beasts
 17040 | Lair:6   | Reached skill level 10 in Dodging
 17658 | Lair:6   | Reached skill level 12 in Stealth
 17978 | Lair:6   | Reached XP level 14. HP: 96/111 MP: 19/21
 18807 | D:11     | Found a frozen archway.
 18904 | IceCv    | Entered an ice cave
 19482 | D:11     | Noticed xomi's ghost (journeyman MiCK)
 19507 | D:11     | Killed xomi's ghost
 19556 | D:11     | Noticed Steforg's ghost (journeyman TeAE)
 19570 | D:11     | Killed Steforg's ghost
 20145 | D:12     | Found a staircase to the Orcish Mines.
 20192 | D:12     | Found Deheivocwo's Armour Emporium.
 20213 | D:12     | Bought the +3 leather armour "Ecessame" {rPois MR+} for 338 gold pieces
 20213 | D:12     | Bought the -2 pair of gloves "Efipt" {Str+4 Slay+3} for 225 gold pieces
 20422 | D:12     | Found Usmitocw's Weapon Emporium.
 21263 | D:13     | Reached skill level 13 in Stealth
 21382 | D:13     | Noticed Maurice
 21392 | D:13     | Killed Maurice
 21827 | Orc:1    | Entered Level 1 of the Orcish Mines
 22080 | Orc:2    | Entered Level 2 of the Orcish Mines
 22916 | Orc:1    | Found a roughly hewn altar of Beogh.
 23121 | Orc:2    | Found a staircase to the Elven Halls.
 23170 | Orc:1    | Found Loru's Gadget Emporium.
 23467 | Orc:2    | Reached XP level 15. HP: 102/118 MP: 23/23
 24592 | Orc:2    | Found Juurur's Antique Armour Shop.
 24593 | Orc:2    | Found Wifobof's Antique Weapon Boutique.
 24594 | Orc:2    | Found Poli's General Store.
 24594 | Orc:2    | Found Witarphyn's Book Shop.
 24600 | Orc:2    | Bought a scroll of blinking for 105 gold pieces
 24609 | Orc:2    | Bought a bloodstained rapier for 324 gold pieces
 24779 | Orc:2    | Identified the +5 rapier "Wesoo" {vamp, *Drain +Fly MR- Dex+4} (You bought it in a shop on level 2 of the Orcish Mines)
 24959 | Swamp:1  | Entered Level 1 of the Swamp
 25464 | Swamp:1  | Noticed a thorn hunter
 25489 | Swamp:1  | Killed a thorn hunter
 26050 | Swamp:2  | Noticed a thorn hunter
 26066 | Swamp:2  | Killed a thorn hunter
 26147 | Swamp:2  | Noticed Aizul
 26176 | Swamp:2  | Killed Aizul
 26260 | Swamp:2  | Noticed a thorn hunter
 26279 | Swamp:2  | HP: 2/121 [thorn hunter/volley of thorns (25)]
 27256 | Swamp:2  | Got a shimmering robe
 27257 | Swamp:2  | Identified the +0 robe "Emau" {rPois MR- Regen+ Str+4} (You found it on level 2 of the Swamp)
 27336 | Swamp:2  | Killed a thorn hunter
 27686 | Swamp:2  | Reached skill level 14 in Stealth
 28527 | Swamp:4  | Entered Level 4 of the Swamp
 28530 | Swamp:4  | Noticed a thorn hunter
 28536 | Swamp:4  | Killed a thorn hunter
 28536 | Swamp:4  | Reached XP level 16. HP: 128/128 MP: 24/24
 28653 | Swamp:4  | Noticed newbie's ghost (journeyman MiBe)
 28674 | Swamp:4  | Killed newbie's ghost
 28751 | Swamp:4  | Paralysed by a hornet for 1 turns
 29894 | D:6      | Bought a potion of heal wounds for 55 gold pieces
 29894 | D:6      | Bought a potion of heal wounds for 55 gold pieces
 30393 | Spider:1 | Entered Level 1 of the Spider Nest
 30850 | Spider:1 | Noticed Donald
 30855 | Spider:1 | Killed Donald
 31316 | Spider:1 | Found a roughly hewn altar of Beogh.
 31920 | Spider:2 | Reached skill level 15 in Stealth
 31972 | Spider:2 | Noticed Nikola
 31981 | Spider:2 | Killed Nikola
 32671 | Spider:3 | Reached XP level 17. HP: 124/136 MP: 25/25
 33074 | Spider:3 | Noticed Roxanne
 33138 | Spider:3 | Reached skill level 1 in Evocations
 33453 | Spider:4 | Entered Level 4 of the Spider Nest
 33725 | Spider:4 | Noticed Kirke
 33758 | Spider:4 | Killed Kirke
 33866 | Spider:4 | Noticed Arachne
 34057 | Spider:4 | Killed Arachne
 34071 | Spider:4 | HP: 6/137 [emperor scorpion (22)]
 34071 | Spider:4 | Slain by an emperor scorpion

Vault maps used:
D:1:      ncdulo_wetmaze, grunt_decor_arrowhead
D:2:      overflow_temple_1_default, first_bread, uniq_jessica, uniq_robin
D:3:      goddamned_bats, uniq_sigmund
D:4:      minmay_goblin_kobold_castle, elyvilon_altar_4, minivault_11,
          okawaru_gym_becter, uniq_menkaure
D:5:      serial_shops, nicolae_shop_overgrown_old_shop,
          nicolae_ossuary_entry_plus, uniq_duvessa, uniq_pikel
D:6:      grunt_temple_overflow_open, serial_shops, shop_coins,
          nicolae_shop_crystal, shop, shop, shop
D:7:      gammafunk_temple_overflow_elements, serial_shops, shop
D:8:      minmay_cut_squares, bloody_makhleb, overflow_temple_1_default,
          minmay_orc_keep, uniq_erica
D:9:      serial_glass, glass_columns_b, glass_columns_b, uniq_erolcha
D:10:     minmay_lair_entry_lava
D:11:     portal_ice_cave_entry_animals_and_master
D:12:     orc_david_3, serial_shops, shop, hangedman_ranch
D:13:     giant_chief_lemuel, minivault_15, uniq_maurice, uniq_azrael
Lair:1:   st_stairs_11, grunt_megastairs_1, uniq_fannar
Lair:2:   st_stairs_12
Lair:3:   lemuel_fruit_tree, infiniplex_staircase_pool, grunt_megastairs_5
Lair:4:   swamp_mist, spider_nest_entry_rubble, lab_entry_generic,
          lemuel_fruit_fields, uniq_nergalle, uniq_snorg
Lair:5:   slaughterhouse, dpeg_slime_entry_enclosed_altar, serial_bayou_pond_d,
          nicolae_quartered_pool_medium
Lair:6:   hangedman_lair_in_review
Swamp:1:  evilmike_swamp_ruin_house_6, hangedman_swamp_ravenous
Swamp:2:  nicolae_swamp_treefoil, uniq_aizul
Swamp:3:  evilmike_swamp_ruin_house_2, swamp_pool4
Swamp:4:  swamp_basic_johnstein
Spider:1: nicolae_spider_mines_2, uniq_donald
Spider:2: nicolae_spider_webs_and_nodes, spider_trap, uniq_nikola
Spider:3: uniq_roxanne
Spider:4: grunt_spider_rune_circles, uniq_kirke, uniq_arachne
Orc:1:    serial_shops, nicolae_shop_window_shopping, special_room,
          kennysheep_orc_chapel
Orc:2:    st_orc_congregation, roderic_batcave
Lab:      labyrinth_watery, nicolae_lab_hexagon, lab_fountain, lab_block,
          labyrinth_skeletal_remains, labyrinth_fake_exit, nicolae_lab_arrow,
          nicolae_lab_blocks, nicolae_lab_checkerboard, labyrinth_glass_1,
          labyrinth_lava_lair, lab_statue, nicolae_lab_diamond, lab_hedge,
          nicolae_lab_x, nicolae_lab_plus, nicolae_lab_t_cross,
          nicolae_lab_starburst
Ossuary:  ossuary_minmay_tomb_2a
IceCv:    ice_cave_tombish

Skill      XL: |  1  2  3  4  5  6  7  8  9 10 11 12 13 14 15 16 17 |
---------------+----------------------------------------------------+-----
Dodging        | 3 4 5 6 7 8 9 10 11 12 13 | 13.1
Short Blades   | 3 4 5 6 7 8 9 10 11 12 13 | 13.5
Stealth        | 1 2 3 5 6 7 9 10 12 13 14 15 | 15.6
Armour         | 1 2 3 4 |  4.4
Shields        | 1 2 3 5 6 7 9 10 11 12 13 14 | 14.9
Fighting       | 2 3 4 5 6 7 8 9 |  9.0
Throwing       | 2 |  2.1
Spellcasting   | 1 2 3 |  3.1
Hexes          | 1 2 3 |  3.1
Unarmed Combat | 1 |  1.1
Long Blades    | 1 2 3 |  3.8
Evocations     | 1 |  1.5

Action                   |  1- 3 |  4- 6 |  7- 9 | 10-12 | 13-15 | 16-18 || total
-------------------------+-------+-------+-------+-------+-------+-------++-------
Melee: Rapier            |   120 |   124 |   485 |   663 |  2009 |   779 ||  4180
       Blowgun           |       |       |     7 |       |       |       ||     7
       Unarmed           |       |       |     3 |    43 |   146 |    40 ||   232
       Scimitar          |       |       |       |    17 |    66 |    97 ||   180
 Fire: Blowgun           |       |       |     4 |       |       |       ||     4
Throw: Throwing net      |     3 |     4 |     2 |     2 |     2 |       ||    13
 Cast: Confusing Touch   |       |       |     3 |    26 |    65 |     8 ||   102
 Abil: Evoke Berserk Rag |     1 |       |     1 |     1 |       |       ||     3
       Evoke Invisibilit |       |       |       |       |       |     9 ||     9
Evoke: Wand              |       |       |       |       |     2 |     2 ||     4
  Use: Potion            |       |       |     8 |     6 |     5 |     6 ||    25
       Scroll            |       |       |     9 |    12 |     7 |     5 ||    33
 Stab: Sleeping          |     3 |     8 |     9 |    48 |    50 |    34 ||   152
       Held in net/web   |       |     2 |       |     4 |     2 |     2 ||    10
       Distracted        |       |     1 |     1 |     4 |    15 |     4 ||    25
       Confused          |       |       |     2 |    11 |    43 |     6 ||    62
       Invisible         |       |       |       |       |     4 |    23 ||    27
       Petrified         |       |       |       |       |     1 |       ||     1
       Paralysed         |       |       |       |       |     1 |       ||     1
  Eat: Chunk             |     3 |     4 |    14 |    21 |    44 |     7 ||    93
       Pizza             |       |       |     1 |     1 |     3 |     6 ||    11
       Beef jerky        |       |       |       |     3 |       |       ||     3
       Meat ration       |       |       |       |     1 |       |       ||     1
       Fruit             |       |       |       |       |       |     3 ||     3
       Bread ration      |       |       |       |       |       |     1 ||     1
Armor: Leather armour    |    42 |    51 |   111 |    18 |   144 |   174 ||   540
       Robe              |       |       |       |    67 |       |       ||    67
       Troll leather arm |       |       |       |     5 |   127 |       ||   132
       Ring mail         |       |       |       |     2 |       |       ||     2
Dodge: Dodged            |   113 |   100 |   329 |   313 |  1140 |   843 ||  2838
Block: Buckler           |    10 |    61 |   220 |   132 |   296 |       ||   719
       Large shield      |       |       |       |   212 |       |       ||   212
       Shield            |       |       |       |       |   813 |   782 ||  1595
       Reflection        |       |       |       |       |       |     2 ||     2
       Rpst.: Scimitar   |       |       |       |     2 |    20 |     9 ||    31
